 Dungeon Crawl Stone Soup version 0.28.0 (webtiles) character file.

Game seed: 15622085142129032665

178268 multipassport the Sharpshooter (level 17, -5/166 HPs)
             Began as a Deep Dwarf Hunter on Feb 9, 2022.
             Was the Champion of Makhleb.
             Hit by a silver javelin thrown by a minotaur (16 damage)
             ... on level 4 of the Shoals.
             The game lasted 02:55:24 (25114 turns).

multipassport the Sharpshooter (Deep Dwarf Hunter) Turns: 25114, Time: 02:55:25

Health: -5/166     AC: 25    Str: 24    XL:     17   Next: 57%
Magic:  2/2        EV: 29    Int: 12    God:    Makhleb [******]
Gold:   2067       SH:  0    Dex: 26    Spells: 33/33 levels left

rFire   + + +      SeeInvis +   x - +5 short sword of Welfare {freeze, rN+}
rCold   + + +      Faith    .   (no shield)
rNeg    + + .      Spirit   .   T - +2 gold dragon scales
rPois   +          Reflect  .   I - +1 hat
rElec   +          Harm     .   c - scarf {rC+ rF+}
rCorr   .          Rampage  .   L - +0 pair of gloves {Dex+3}
Will    ++...      Clarity  +   P - +0 pair of boots of Weirdness {rElec rF+}
Stlth   ..........              k - amulet "Kovok" {Acrobat rC+ Str+6 Dex+4}
HPRegen 0.00/turn               F - ring "Tiboin" {Drain rPois rF+ SInv}
MPRegen 0.08/turn               v - +4 ring of slaying

@: acrobatic, very slow
A: damage resistance, heal wounds, negative energy resistance 1, sense
surroundings 2, no regeneration, clarity, passive freeze
a: Heal Wounds, Renounce Religion, Minor Destruction, Lesser Servant of Makhleb,
Major Destruction, Greater Servant of Makhleb


You were on level 4 of the Shoals.
You worshipped Makhleb.
Makhleb was exalted by your worship.
You visited 5 branches of the dungeon, and saw 27 of its levels.
You also visited: Bailey, Ice Cave and Volcano.

You collected 3092 gold pieces.
You spent 1025 gold pieces at shops.

Inventory:

Hand Weapons
 x - the +5 short sword of Welfare (weapon) {freeze, rN+}
   (You found it on level 4 of the Dungeon)

   It freezes those it strikes, dealing additional cold damage.
   It can also slow down cold-blooded creatures.
   rN:        It protects you from negative energy.
 X - a +3 vorpal arbalest
 Y - the +7 great mace "Dragon's Foe" {freeze, rF+ Int+2}
   (You found it on level 4 of the Lair of Beasts)

   It freezes those it strikes, dealing additional cold damage.
   It can also slow down cold-blooded creatures.
   Int:       It affects your intelligence (+2).
   rF:        It protects you from fire.
Missiles
 V - 4 bolts
Armour
 c - a scarf of resistance (worn)
 f - a +0 tower shield
 I - a +1 hat (worn)
 L - a +0 pair of gloves of dexterity (worn)
 P - the +0 pair of boots of Weirdness (worn) {rElec rF+}
   (You found it on level 4 of the Shoals)

   rF:        It protects you from fire.
   rElec:     It insulates you from electricity.
 T - +2 gold dragon scales (worn)
Jewellery
 e - a ring of poison resistance
 h - a ring of protection from cold
 i - a +4 ring of protection
 k - the amulet "Kovok" (around neck) {Acrobat rC+ Str+6 Dex+4}
   (You found it on level 1 of the Shoals)

   [amulet of the acrobat]

   It increases your evasion while moving and waiting.
   Str:       It affects your strength (+6).
   Dex:       It affects your dexterity (+4).
   rC:        It protects you from cold.
 v - a +4 ring of slaying (right hand)
 F - the ring "Tiboin" (left hand) {Drain rPois rF+ SInv}
   (You found it in an ice cave)

   [ring of see invisible]

   rF:        It protects you from fire.
   rPois:     It protects you from poison.
   SInv:      It lets you see invisible.
   Drain:     It drains your maximum health when unequipped.
 G - a +6 ring of intelligence
 K - a ring of willpower
 M - a ring of resist corrosion
 S - a ring of fire
 W - a +6 ring of intelligence
Wands
 a - a wand of polymorph (8)
 j - a wand of flame (75)
 m - a wand of paralysis (2)
 n - a wand of mindburst (26)
 s - a wand of acid (6)
 t - a wand of digging (7)
 w - a wand of iceblast (6)
Scrolls
 d - 3 scrolls of identify
 g - a scroll of noise
 p - 3 scrolls of fog
 r - 3 scrolls of fear
 z - 5 scrolls of teleportation
 H - 2 scrolls of brand weapon
 U - a scroll of amnesia
 Z - 2 scrolls of magic mapping
Potions
 b - 7 potions of mutation
 l - a potion of heal wounds
 o - 6 potions of might
 q - 5 potions of lignification
 u - 9 potions of curing
 A - 5 potions of invisibility
 B - 4 potions of flight
 C - 3 potions of magic
 D - 3 potions of haste
 E - 3 potions of resistance
 O - 3 potions of brilliance
 Q - 3 potions of cancellation


   Skills:
 + Level 14.1 Fighting
 - Level 6.4 Short Blades
 - Level 18.0 Crossbows
 + Level 13.7 Armour
 + Level 15.2 Dodging
 - Level 1.2 Stealth
 - Level 7.5 Shields
 + Level 8.7 Spellcasting
 + Level 9.5 Invocations


You had 33 spell levels left.
You didn't know any spells.
Your spell library contained the following spells:

 Spells                   Type           Power      Damage    Failure   Level
 Animate Skeleton         Necr           10%        N/A       99%         1
 Apportation              Tloc           10%        N/A       99%         1
 Foxfire                  Conj/Fire      20%        2x1d5     99%         1
 Magic Dart               Conj           20%        1d4       99%         1
 Pain                     Necr           20%        1d5       99%         1
 Sting                    Tmut/Pois      20%        1d4       99%         1
 Summon Small Mammal      Summ           20%        N/A       99%         1
 Poisonous Vapours        Pois/Air       10%        N/A       100%        2
 Scorch                   Fire           10%        2d5       100%        2
 Searing Ray              Conj           10%        2d4       100%        2
 Conjure Flame            Conj/Fire      5%         6-21      100%        3
 Gell's Gravitas          Tloc           5%         N/A       100%        3
 Inner Flame              Hex/Fire       5%         N/A       100%        3
 Lesser Beckoning         Tloc           5%         N/A       100%        3
 Teleport Other           Tloc           5%         N/A       100%        3
 Vampiric Draining        Necr           5%         2d6       100%        3
 Cause Fear               Hex            2%         N/A       100%        4
 Flame Wave               Conj/Fire      5%         2d5       100%        4
 Fulminant Prism          Conj/Hex       2%         3d6       100%        4
 Olgreb's Toxic Radiance  Pois           5%         N/A       100%        4
 Passage of Golubria      Tloc           5%         N/A       100%        4
 Summon Lightning Spire   Summ/Air       5%         N/A       100%        4
 Silence                  Hex/Air        2%         N/A       100%        5
 Summon Cactus Giant      Summ           2%         N/A       100%        6
 Dragon Form              Tmut           2%         N/A       100%        7
 Storm Form               Tmut/Air       2%         N/A       100%        7
 Lehudib's Crystal Spear  Conj/Erth      2%         10d2      100%        8
 Maxwell's Capacitive Co  Air            2%         ∞         100%        8
 Dragon's Call            Summ           2%         N/A       100%        9


Dungeon Overview and Level Annotations

Branches:
Dungeon (15/15)            Temple (1/1) D:6            Lair (5/6) D:11
 Shoals (4/4) Lair:3       Spider (0/4) Lair:4        Slime (0/5) Lair:5
    Orc (2/2) D:9             Elf (0/3) Orc:2        Vaults (0/5) D:14
 Depths (0/4) D:15         Bailey (visited)           IceCv (visited)
Volcano (visited)

Altars:
Dithmenos
Elyvilon
Fedhas
Gozag
Hepliaklqana
Kikubaaqudgha
Makhleb
Nemelex Xobeh
Okawaru
Qazlal
Ru
Sif Muna
Trog
Uskayaw
Vehumet
Wu Jian
Xom
Yredelemnul
Zin
The Shining One

Shops:
D:4 (   D:7 (   D:8 *   Orc:2 :[*:(

Annotations:
D:12 1 runed translucent door


Innate Abilities, Weirdness & Mutations

You are resistant to damage.
You can heal yourself by infusing magical energy.
You resist negative energy. (rN+)
You passively map the area around you.
You do not regenerate.
You possess an exceptional clarity of mind.
A frigid envelope surrounds you and freezes all who hurt you.


Message History

The Executioner resists.
The Executioner is very cold.
The Executioner is lightly wounded.
The Executioner barely misses you. The Executioner closely misses you.
The Executioner hits you but does no damage.
The Executioner resists.
The Executioner is very cold.
The Executioner is lightly wounded.
The Executioner hits you.
The Executioner completely resists.
The satyr plays a frightful melody on his pipes!
The satyr radiates an aura of fear!
You are unaffected.
The Executioner closely misses you. The Executioner completely misses you.
The Executioner hits you but does no damage.
The Executioner completely resists.
The Executioner misses you.
The Executioner hits you but does no damage.
The Executioner resists.
The Executioner is very cold.
The Executioner is moderately wounded.
The Executioner hits you but does no damage.
The Executioner resists.
The Executioner is very cold.
The Executioner is moderately wounded.
The Executioner completely misses you.
The Executioner hits you but does no damage.
The Executioner resists.
The Executioner is very cold.
The Executioner is moderately wounded.
The Executioner hits you.
The Executioner resists.
The Executioner is very cold.
The Executioner is moderately wounded.
The Executioner closely misses you. The Executioner hits you.
* * * LOW HITPOINT WARNING * * *
The Executioner resists.
The Executioner is very cold.
The Executioner is moderately wounded.
The Executioner hits you but does no damage.
The Executioner resists.
The Executioner is very cold.
The Executioner is moderately wounded.
The Executioner hits you but does no damage.
The Executioner resists.
The Executioner is very cold.
The Executioner is heavily wounded.
The Executioner hits you but does no damage.
The Executioner misses you.
The minotaur throws a silver javelin.
The silver javelin pierces through you!!
You die...

..#†.#...≈.)..# ,, ,≈ ,
.##..##.###)≈.####** * ,
≈ .#....##......)..## ≈*
≈ ##.#..#...(....)..# ≈*≈
, ...####...c.......### ≈
≈ ,
..###.#†.).8..#...#≈###≈≈
,,
.≈#....)†##...c#H≈≈≈≈.#≈
≈ ###....†..#...#1≈≈≈≈≈≈#
# #)...≈..#...#≈@≈≈≈≈≈# ,
* ###.###'###...##$.)##≈#
* .##)#...≈##...##...#*≈#
,, ,
..#..≈....#8..#).....,# ,
..††..≈...#...#≈...... ^
, ≈
#...[.$...#≈...........≈*
, ≈≈ ##).#...≈.#
,.#.....#..# , ≈
≈##.#...≈......#....#≈##
** ≈ ≈≈#########8, *


You could see a minotaur, an Executioner (summoned, fast), a satyr and a faun.

Vanquished Creatures
  Jorgrun (D:15)
  2 sphinxes (Shoals:4)
  2 krakens (Shoals:3)
  The ghost of Crownlay the Warrior, an adept MiBe of Trog (Shoals:1)
  Kirke (D:14)
  An orc warlord (D:9)
  A draconian knight (IceCv)
  4 white draconians (IceCv)
  6 merfolk impalers
  A merfolk javelineer (Shoals:2)
  Snorg (D:13)
  Josephine (Orc:1)
  3 boulder beetles
  A rakshasa (D:13)
  4 centaur warriors
  4 vault guards (D:14)
  11 hydras
  A death knight (D:13)
  2 merfolk aquamancers
  2 merfolk avatars
  5 ogre magi
  A death yak (Lair:4)
  17 two-headed ogres
  3 satyrs (Shoals:4)
  Nergalle (Lair:2)
  A hell knight (Volcano)
  Sonja (Lair:2)
  Urug (Lair:1)
  An orc high priest (Orc:1)
  5 sea snakes
  A glowing orange brain (shapeshifter) (D:14)
  9 skeletal warriors
  A salamander mystic (Volcano)
  An obsidian statue (D:15)
  4 spectral merfolk (Shoals:1)
  2 deep trolls (D:9)
  A phantasmal warrior (D:12)
  A deep elf archer (D:14)
  Pikel (D:5)
  An orange crystal statue (IceCv)
  4 orc knights
  21 harpies
  15 ugly things
  13 manticores
  A deep elf pyromancer (D:14)
  A wolf spider (D:15)
  An oklob plant (Shoals:1)
  7 cyclopes
  A moth of wrath (shapeshifter) (D:15)
  16 fauns
  10 elephants
  10 merfolk sirens
  A salamander (Volcano)
  Joseph (Lair:1)
  3 black mambas
  6 gargoyles (Volcano)
  2 ice statues (D:15)
  12 cane toads
  A torpor snail (Lair:5)
  A spectral sea snake (Shoals:1)
  5 molten gargoyles (Volcano)
  5 storm dragon simulacra (IceCv)
  A kobold demonologist (D:12)
  An unseen horror (D:13)
  A freezing wraith (D:12)
  5 rime drakes
  10 komodo dragons
  2 yaktaurs
  2 tengu conjurers (D:14)
  An efreet (D:13)
  A spectral water nymph (Shoals:1)
  3 golden dragon simulacra (IceCv)
  A queen bee (Lair:4)
  13 trolls
  7 wind drakes
  2 polar bears
  4 meliai (Lair:4)
  14 merfolk
  A hornet (D:10)
  17 blink frogs
  16 slime creatures
  8 snapping turtles
  4 dream sheep (Shoals:1)
  2 centaur simulacra
  7 spriggans (Bailey)
  2 shadows
  2 vampires
  Sigmund (D:2)
  7 water elementals
  7 wraiths
  A hog (D:14)
  7 wyverns
  3 basilisks
  3 fire bats (Lair:2)
  A sea snake simulacrum (Shoals:1)
  53 yaks
  A steam dragon (Bailey)
  8 vampire mosquitoes
  5 wargs
  18 water moccasins
  An acid dragon (D:12)
  4 black bears
  27 orc warriors
  6 ice dragon simulacra (IceCv)
  3 ice beasts
  3 sky beasts
  2 necrophages (D:7)
  34 ogres
  16 centaurs
  7 wolves
  2 phantoms
  2 lemures (D:6)
  2 kobold brigands
  8 bullfrogs
  2 merfolk simulacra (Shoals:1)
  7 lindwurm simulacra (IceCv)
  51 killer bees
  6 electric eels
  5 centaur zombies
  A crimson imp (D:4)
  12 jellies (Lair:5)
  A gnoll shaman (D:7)
  A hound (D:7)
  14 orc priests
  4 centaur skeletons
  3 bullfrog skeletons (D:6)
  2 iguanas
  11 orc wizards
  Natasha (thrice) (D:2)
  A hell rat (Lair:4)
  A hound zombie (D:4)
  A howler monkey zombie (D:8)
  Robin (D:3)
  19 gnolls
  A howler monkey skeleton (D:6)
  8 adders
  A river rat (Lair:4)
  A white imp (D:8)
  2 ufetubi
  An adder skeleton (D:3)
  A worm (D:3)
  3 dart slugs
  68 orcs
  4 ball pythons
  12 endoplasms
  6 giant cockroaches
  8 goblins
  15 hobgoblins
  5 jackals
  4 quokkas
  2 bats
  5 frilled lizards
  A goblin skeleton (D:4)
  2 goblin zombies (D:4)
  2 hobgoblin zombies (D:4)
  13 kobolds
  A kobold zombie (D:4)
  An orc zombie (D:4)
  6 rats
  4 tentacles (Shoals:3)
927 creatures vanquished.

Vanquished Creatures (collateral kills)
  A sphinx (Shoals:4)
  Ilsuiw (Shoals:2)
  A white draconian (IceCv)
  Fannar (Lair:2)
  3 satyrs (Shoals:4)
  A two-headed ogre (Bailey)
  A sea snake (Shoals:4)
  A manticore (Shoals:4)
  6 fauns (Shoals:4)
  2 merfolk (Shoals:4)
  A wind drake (Shoals:4)
  2 snapping turtles (Shoals:4)
21 creatures vanquished.

Vanquished Creatures (others)
  A harpy (Shoals:4)
  2 humans (D:14)
  19 fungi
  39 plants
  16 tentacles (Shoals:3)
77 creatures vanquished.

Grand Total: 1025 creatures vanquished

Notes
Turn   | Place    | Note
-------+----------+-------------------------------------------
     0 | D:1      | multipassport the Deep Dwarf Hunter began the quest for the
                  | Orb.
     0 | D:1      | Reached XP level 1. HP: 19/19 MP: 1/1
    92 | D:1      | Reached XP level 2. HP: 26/26 MP: 2/2
   246 | D:1      | Reached XP level 3. HP: 32/32 MP: 3/3
   833 | D:2      | Noticed Natasha
   836 | D:2      | Killed Natasha
   837 | D:2      | Reached skill level 5 in Crossbows
   837 | D:2      | Reached XP level 4. HP: 37/40 MP: 4/4
   848 | D:2      | Noticed Sigmund
   862 | D:2      | Killed Sigmund
   863 | D:2      | Reached XP level 5. HP: 20/49 MP: 5/5
   980 | D:2      | Noticed Natasha
   985 | D:2      | Killed Natasha
  1209 | D:2      | Noticed Natasha
  1211 | D:2      | Killed Natasha
  1212 | D:2      | Reached XP level 6. HP: 56/56 MP: 6/6
  1306 | D:3      | Noticed Robin
  1312 | D:3      | Killed Robin
  1325 | D:3      | Reached skill level 6 in Crossbows
  1389 | D:3      | Noticed a +0 dagger
  1389 | D:3      | Noticed a +0 dagger
  1415 | D:3      | Found a hide-covered altar of Uskayaw.
  1515 | D:3      | Found an ancient bone altar of Kikubaaqudgha.
  1806 | D:3      | Found a faded altar of an unknown god.
  1835 | D:3      | Found a white marble altar of Elyvilon.
  2051 | D:4      | Reached skill level 5 in Dodging
  2124 | D:4      | Found a glowing golden altar of the Shining One.
  2128 | D:4      | Reached XP level 7. HP: 32/64 MP: 7/7
  2462 | D:4      | Identified the +5 short sword of Welfare {freeze, rN+}
  2497 | D:4      | Reached skill level 7 in Crossbows
  2527 | D:4      | Found Fomof's Weapon Boutique.
  2575 | D:4      | Found a sparkling altar of Nemelex Xobeh.
  2749 | D:4      | Reached skill level 5 in Fighting
  2985 | D:5      | Entered Level 5 of the Dungeon
  3056 | D:5      | Reached skill level 1 in Short Blades
  3092 | D:5      | Found a hazy altar of Hepliaklqana.
  3123 | D:5      | Gained mutation: A frigid envelope surrounds you and
                  | freezes all who hurt you. [potion of mutation]
  3123 | D:5      | Gained mutation: You possess an exceptional clarity of
                  | mind. [potion of mutation]
  3146 | D:5      | Found a sacrificial altar of Ru.
  3157 | D:5      | Reached XP level 8. HP: 31/74 MP: 8/8
  3509 | D:3      | Found an iron altar of Okawaru.
  3563 | D:5      | Found an opulent altar of Gozag.
  3750 | D:5      | Reached skill level 8 in Crossbows
  4123 | D:6      | Noticed Pikel
  4141 | D:5      | Killed Pikel
  4142 | D:5      | Reached skill level 1 in Spellcasting
  4142 | D:5      | Gained mutation: You passively map the area around you.
                  | [Deep Dwarf growth]
  4142 | D:5      | Reached XP level 9. HP: 32/82 MP: 7/10
  4364 | D:6      | Found a staircase to the Ecumenical Temple.
  4379 | Temple   | Entered the Ecumenical Temple
  4387 | Temple   | Became a worshipper of Makhleb the Destroyer
  4451 | D:6      | Found a sacrificial altar of Ru.
  4454 | D:6      | Found a burning altar of Makhleb.
  4454 | D:6      | Found a burning altar of Makhleb.
  4456 | D:6      | Found a blossoming altar of Fedhas.
  4456 | D:6      | Found a sparkling altar of Nemelex Xobeh.
  4456 | D:6      | Found a shimmering altar of Xom.
  5142 | D:7      | Found Samyeps's Weapon Emporium.
  5280 | D:7      | Reached * piety under Makhleb
  5460 | D:7      | Reached skill level 9 in Crossbows
  5575 | D:7      | Reached skill level 1 in Armour
  5733 | D:7      | Reached XP level 10. HP: 50/92 MP: 10/10
  6437 | D:8      | Reached ** piety under Makhleb
  6512 | D:8      | Found Ved Supi's Lightly-Used Armoury.
  6907 | D:9      | Found a staircase to the Orcish Mines.
  6951 | D:9      | Noticed a two-headed ogre
  6960 | D:9      | Killed a two-headed ogre
  6961 | D:9      | Reached skill level 5 in Short Blades
  6974 | D:9      | Reached skill level 5 in Shields
  7028 | D:9      | Found a radiant altar of Vehumet.
  7962 | D:10     | Entered Level 10 of the Dungeon
  7992 | D:10     | Found a stormy altar of Qazlal.
  8099 | D:10     | Reached skill level 10 in Crossbows
  8159 | D:10     | Noticed a two-headed ogre
  8163 | D:10     | Killed a two-headed ogre
  8265 | D:10     | Found a flagged portal.
  8271 | D:10     | Identified the +7 halberd of Cerea {vorpal, Dex+4}
  8275 | Bailey   | Entered a bailey
  8291 | Bailey   | Reached skill level 5 in Armour
  8327 | Bailey   | Reached XP level 11. HP: 72/103 MP: 11/11
  8348 | Bailey   | Reached *** piety under Makhleb
  8449 | Bailey   | Noticed a two-headed ogre
  8463 | Bailey   | Killed a two-headed ogre
  8672 | D:10     | Reached skill level 1 in Invocations
  8809 | D:11     | Noticed a two-headed ogre
  8813 | D:11     | Killed a two-headed ogre
  9028 | D:11     | Found a staircase to the Lair.
  9878 | D:12     | Noticed a skeletal warrior
  9881 | D:12     | Noticed a skeletal warrior
  9964 | Lair:1   | Entered Level 1 of the Lair of Beasts
 10026 | Lair:1   | Noticed Joseph
 10031 | Lair:1   | Killed Joseph
 10057 | Lair:1   | Reached **** piety under Makhleb
 10058 | Lair:1   | Reached XP level 12. HP: 50/114 MP: 10/10
 10066 | Lair:1   | Reached skill level 5 in Invocations
 10091 | Lair:1   | Noticed Urug
 10110 | Lair:1   | Killed Urug
 10520 | Lair:2   | Reached skill level 11 in Crossbows
 10628 | Lair:2   | Found a dark tunnel.
 10641 | Volcano  | Entered a volcano
 10747 | Volcano  | Reached skill level 12 in Crossbows
 10780 | Volcano  | Reached skill level 10 in Fighting
 10789 | Volcano  | Noticed an orb of fire
 10811 | Volcano  | Noticed an orb of fire
 10941 | Volcano  | Reached skill level 10 in Dodging
 10944 | Volcano  | Reached skill level 13 in Crossbows
 11497 | Lair:2   | Noticed Sonja
 11500 | Lair:2   | Killed Sonja
 11567 | Lair:2   | Noticed Fannar
 11575 | Lair:2   | Killed Fannar
 11576 | Lair:2   | Reached XP level 13. HP: 102/123 MP: 7/7
 11910 | D:8      | Bought -2 gold dragon scales for 700 gold pieces
 12190 | Lair:3   | Identified a scroll of acquirement
 12190 | Lair:3   | Acquired a +0 pair of gloves of stealth
 12200 | Lair:3   | Found a staircase to the Shoals.
 12222 | Lair:3   | You fall into a shaft and drop 2 floors!
 12279 | Lair:5   | Found a staircase to the Slime Pits.
 12294 | Lair:5   | Reached ***** piety under Makhleb
 12732 | Lair:5   | Reached skill level 14 in Crossbows
 13792 | Lair:4   | Reached ****** piety under Makhleb
 13965 | Lair:4   | Gained mutation: You resist negative energy. (rN+) [Deep
                  | Dwarf growth]
 13965 | Lair:4   | Reached XP level 14. HP: 133/133 MP: 11/11
 14120 | Lair:4   | Found a hole to the Spider Nest.
 14146 | Lair:4   | Reached skill level 15 in Crossbows
 14175 | Lair:4   | Identified the +7 great mace "Dragon's Foe" {freeze, rF+
                  | Int+2}
 14686 | Lair:3   | Reached skill level 5 in Spellcasting
 14765 | Lair:3   | Noticed Nergalle
 14792 | Lair:2   | Killed Nergalle
 15701 | D:12     | Reached skill level 10 in Armour
 16078 | D:12     | Noticed a fire giant
 16078 | D:12     | Noticed a sphinx
 16079 | D:12     | Found a runed translucent door.
 16081 | D:12     | Noticed a tengu reaver
 16081 | D:12     | Noticed a war gargoyle
 16081 | D:12     | Noticed a storm dragon
 16081 | D:12     | Noticed a sphinx
 16514 | D:13     | Reached skill level 16 in Crossbows
 17322 | D:13     | Noticed Snorg
 17328 | D:13     | Killed Snorg
 17597 | D:14     | Noticed Kirke
 17609 | D:14     | Reached XP level 15. HP: 96/142 MP: 9/9
 17622 | D:14     | Noticed a sphinx
 17623 | D:14     | Killed Kirke
 17945 | D:14     | Found a gate to the Vaults.
 18318 | D:14     | Reached skill level 17 in Crossbows
 18535 | D:15     | Entered Level 15 of the Dungeon
 18982 | D:15     | Found a staircase to the Depths.
 19168 | D:15     | Found a frozen archway.
 19193 | IceCv    | Entered an ice cave
 19464 | IceCv    | Noticed a white draconian knight
 19529 | IceCv    | Killed a white draconian knight
 19717 | IceCv    | Identified the ring "Tiboin" {Drain rPois rF+ SInv}
 19927 | D:15     | Noticed Jorgrun
 19941 | D:15     | Killed Jorgrun
 20332 | Orc:1    | Entered Level 1 of the Orcish Mines
 20355 | Orc:1    | Noticed an orc warlord
 20396 | D:9      | Killed an orc warlord
 20582 | Orc:2    | Entered Level 2 of the Orcish Mines
 20617 | D:9      | Reached XP level 16. HP: 82/154 MP: 5/5
 20655 | Orc:1    | Reached skill level 18 in Crossbows
 20942 | Orc:1    | Noticed Josephine
 20949 | Orc:1    | Killed Josephine
 20980 | Orc:1    | Found an iron altar of Okawaru.
 21203 | Orc:2    | Found Ithajics's Book Shop.
 21221 | Orc:2    | Found Weng's Armour Shop.
 21235 | Orc:2    | Found Kyij's Assorted Antiques.
 21258 | Orc:2    | Bought a +0 pair of gloves of dexterity for 161 gold pieces
 21278 | Orc:2    | Found Wuasm's Book Boutique.
 21299 | Orc:2    | Bought a moonstone ring for 120 gold pieces
 21414 | Orc:2    | Found Heggoun's Firing Range.
 21429 | Orc:2    | Found a staircase to the Elven Halls.
 21469 | Orc:2    | Bought 16 bolts for 44 gold pieces
 22016 | Shoals:1 | Entered Level 1 of the Shoals
 22221 | Shoals:1 | Found a runed translucent gate.
 22221 | Shoals:1 | Found a runed translucent gate.
 22221 | Shoals:1 | Found a runed translucent gate.
 22222 | Shoals:1 | Noticed Crownlay's ghost (adept MiBe)
 22227 | Shoals:1 | Found a glowing golden altar of the Shining One.
 22610 | Shoals:1 | You fall into a shaft and drop 1 floor!
 23025 | Shoals:1 | Killed Crownlay's ghost
 23088 | Shoals:1 | Identified the amulet "Kovok" {Acrobat rC+ Str+6 Dex+4}
 23543 | Shoals:1 | Reached XP level 17. HP: 70/164 MP: 5/5
 23882 | Shoals:3 | Noticed Ilsuiw
 23978 | Shoals:2 | HP: 4/165 [Ilsuiw/shard of ice (35)]
 24015 | Shoals:2 | Killed Ilsuiw
 24181 | Shoals:3 | Noticed a kraken
 24198 | Shoals:3 | Killed a kraken
 24488 | Shoals:3 | Noticed a kraken
 24505 | Shoals:3 | Killed a kraken
 24735 | Shoals:4 | Entered Level 4 of the Shoals
 24877 | Shoals:4 | Reached skill level 15 in Dodging
 24914 | Shoals:4 | HP: 6/165 [merfolk (8)]
 24924 | Shoals:4 | Identified the +0 pair of boots of Weirdness {rElec rF+}
 25114 | Shoals:4 | Hit by a silver javelin thrown by a minotaur

Illustrated notes

Levels and vault maps discovered:
D:1:      dpeg_arrival_tiny_g, layout_basic
D:2:      layout_loops_ring, uniq_natasha, uniq_sigmund
D:3:      layout_basic, overflow_temple_1_default, dancing_weapons_uskayaw,
          elyvilon_altar_5, nicolae_overflow_ecumenical_swirl, uniq_robin
D:4:      layout_loops_ring, nicolae_tso_besieged_by_evil, marbit_many_paths,
          serial_shops, kennysheep_mini_moat, gup_sewer_entry_spiral
D:5:      layout_rooms, nicolae_hepliaklqana_hazy_memory,
          grunt_gozag_breadcrumbs, nicolae_ru_path_of_blood, wad_floor_pattern_2
D:6:      layout_gridville, doesnt_xom_only_xom, minmay_temple_entry_metal_lava,
          grunt_decor_one_mirror, lemuel_old_faithful, uniq_pikel
D:7:      minmay_general_purpose_star, layout_gridville, kennysheep_small_square
D:8:      layout_loops_corners, fungi_pond_lemuel, minmay_shop_damaged
D:9:      layout_layer_cave, nicolae_vehumet_altar_sigil, orc_0_dummy
D:10:     layout_loops_ring, nicolae_qazlal_general_emergency, enter_bailey_2,
          hangedman_abyss_or_decor_stabs, chequers_serial_rivers_micro_b
D:11:     layout_layer_cave, david_lair_generic, minivault_20
D:12:     minmay_gate_of_8, layout_basic
D:13:     layout_small_grid, uniq_snorg
D:14:     layout_roguey, grunt_vaults_entry_fortified,
          minmay_misc_feat_secret_circle, uniq_kirke
D:15:     hangedman_depths_entry_try_elsewhere_first, layout_irregular_city,
          portal_ice_cave_entry_ice_statue_two, roderic_cross_of_infinity,
          minmay_statue_bubble, uniq_jorgrun
Temple:   eino_temple_lava
Lair:1:   layout_cave_shapes, uniq_joseph, uniq_urug
Lair:2:   layout_regular_city, nicolae_volcano_entry_batcave,
          serial_bayou_shore_b, uniq_sonja, uniq_fannar
Lair:3:   layout_long_grid, shoals_dummy_entry, beast_lair_carwin_10,
          serial_bayou_shore_a, uniq_nergalle
Lair:4:   regret_index_bee_streams, layout_regular_city,
          hellmonk_spider_entry_not_the_bees, st_stairs_9, grunt_megastairs_3
Lair:5:   layout_regular_city, minmay_slime_entry_jelly_boxes,
          chequers_serial_rivers_small_3, infiniplex_staircase_pool_2,
          grunt_megastairs_5
Shoals:1: layout_shoals, gammafunk_ghost_necromancy, lemuel_oklob_altar
Shoals:2: layout_shoals
Shoals:3: layout_shoals, uniq_ilsuiw
Shoals:4: shoals_end_hellmonk_lost_city
Orc:1:    layout_caves, okawaru_metal_pillars_1_2, uniq_josephine
Orc:2:    st_orc_open, layout_caves, nicolae_orc_flooded_monolith,
          nicolae_shop_firing_range

Skill      XL: |  1  2  3  4  5  6  7  8  9 10 11 12 13 14 15 16 17 |
---------------+----------------------------------------------------+-----
Fighting       | 2 3 4 5 6 8 9 10 11 12 13 14 | 14.1
Dodging        | 3 4 5 6 7 8 10 11 12 13 14 15 | 15.2
Crossbows      | 5 6 7 8 9 10 13 14 16 17 18 | 18.0
Short Blades   | 1 3 4 5 6 |  6.4
Shields        | 2 4 5 7 |  7.5
Spellcasting   | 1 2 3 4 5 7 8 |  8.7
Armour         | 1 5 7 8 9 10 12 13 | 13.7
Invocations    | 4 5 6 8 9 |  9.5
Stealth        | |  1.2

Action                   |  1- 3 |  4- 6 |  7- 9 | 10-12 | 13-15 | 16-18 || total
-------------------------+-------+-------+-------+-------+-------+-------++-------
Melee: Short sword       |       |       |    43 |       |   173 |   502 ||   718
       Long sword        |       |       |    17 |       |       |       ||    17
       Punch             |       |       |     2 |       |     3 |     8 ||    13
       Arbalest          |       |       |       |       |     2 |       ||     2
 Fire: Hand crossbow     |    69 |   111 |   220 |   245 |       |       ||   645
       Hunting sling     |       |       |     6 |       |       |       ||     6
       Arbalest          |       |       |       |   271 |  1091 |   411 ||  1773
Throw: Throwing net      |       |       |       |       |       |     1 ||     1
Invok: Lesser Servant of |       |       |       |     3 |       |     2 ||     5
       Greater Servant o |       |       |       |       |       |     6 ||     6
 Abil: Heal Wounds       |       |     2 |     9 |    17 |    33 |    31 ||    92
Evoke: Wand              |       |       |       |     1 |     4 |    18 ||    23
  Use: Scroll            |       |       |     9 |    11 |    12 |     5 ||    37
       Potion            |       |       |     1 |       |     1 |    20 ||    22
 Stab: Sleeping          |       |       |     3 |       |       |       ||     3
Armor: Leather armour    |     1 |     7 |    40 |       |       |       ||    48
       Ring mail         |       |       |    10 |    73 |       |       ||    83
       Gold dragon scale |       |       |       |       |   596 |   525 ||  1121
Dodge: Dodged            |     9 |    23 |    66 |   179 |   260 |   638 ||  1175
Block: Tower shield      |       |       |    40 |   118 |       |       ||   158
